Map: Para Site LE

Players

Lambo - Winner!

  • Race: Zerg Zerg
  • League: Grandmaster
  • Spawn Location: 5:00

GunGFuBanDa

  • Race: Protoss Protoss
  • League: Grandmaster
  • Spawn Location: 11:00

VOD

Have the link to the VOD?

Description

Time

  • Played on: Jan. 6, 2019, 10:05 a.m.
  • Length: 23:32
Show
View Real Time Build Order
Export as new Build Order

Lambo Zerg - Winner!

Build Orders: Hatch First, Lurkers, Roach Hydra 

Get SALT Encoding   

  12  0:00  Drone  
  13  0:13  Overlord  
  13  0:17  Drone  
  14  0:31  Drone x2  
  16  0:47  Hatchery  
  16  0:50  Drone  
  16  0:54  Drone  
  17  0:59  Drone  
  18  1:08  Extractor  
  17  1:12  Spawning Pool  
  17  1:15  Drone  
  17  1:19  Drone  
  18  1:28  Drone  
  19  1:41  Drone  
  20  1:52  Overlord  
  20  2:00  Queen x2  
  24  2:03  Zergling x2  
  24  2:05  Drone  
  26  2:10  Metabolic Boost  
  26  2:11  Drone  
  28  2:15  Drone  
  28  2:20  Drone  
  28  2:22  Drone  
  30  2:34  Hatchery  
  29  2:38  Drone x2  
  29  2:43  Drone  
  32  2:45  Overlord  
  32  2:51  Queen  
  32  2:53  Zergling x2  
  35  2:58  Spore Crawler  
  35  3:00  Drone  
  35  3:03  Drone  
  37  3:05  Drone  
  37  3:09  Drone  
  37  3:11  Spore Crawler  
  37  3:13  Drone x2  
  37  3:14  Drone  
  40  3:21  Drone  
  40  3:23  Drone  
  40  3:24  Overlord  
  42  3:27  Queen  
  42  3:28  Overlord  
  44  3:46  Queen  
  44  3:47  Drone  
  44  3:48  Drone x3  
  50  3:49  Drone  
  50  3:51  Drone  
  50  3:55  Drone  
  53  3:56  Spore Crawler  
  53  4:01  Overlord, Drone x2  
  53  4:02  Zergling x6, Drone  
  58  4:16  Overlord  
  58  4:18  Lair  
  58  4:20  Drone x6  
  63  4:26  Drone  
  63  4:28  Drone  
  64  4:33  Drone  
  64  4:34  Drone  
  64  4:38  Extractor x2  
  64  4:40  Roach Warren, Overlord, Drone x3  
  64  4:41  Drone  
  66  4:48  Drone x5  
  66  4:51  Drone x2  
  66  4:52  Evolution Chamber  
  72  4:58  Queen  
  74  5:00  Overlord  
  74  5:03  Queen  
  76  5:07  Extractor  
  76  5:09  Overlord  
  76  5:10  Extractor  
  76  5:12  Overlord  
  74  5:15  Overlord  
  74  5:18  Hydralisk Den, Drone x6  
  79  5:22  Zerg Missile Weapons Level 1  
  79  5:30  Drone x2  
  79  5:31  Drone x3  
  79  5:33  Extractor  
  82  5:43  Zergling x12  
  82  5:47  Hatchery  
  87  5:52  Roach x4  
  87  5:56  Roach  
  97  6:01  Roach  
  97  6:04  Roach  
  101  6:06  Roach, Glial Reconstitution  
  101  6:09  Roach x3  
  109  6:13  Roach x2  
  109  6:16  Roach x2  
  103  6:30  Drone x7  
  106  6:33  Drone x2  
  106  6:35  Drone x2  
  106  6:37  Drone  
  106  6:38  Drone  
  110  6:48  Drone x3  
  110  6:54  Spire, Hydralisk Den  
  112  6:57  Drone x2  
  112  6:58  Drone  
  112  6:59  Drone x6  
  119  7:10  Overlord x2, Lurker Den  
  119  7:13  Overlord  
  118  7:16  Extractor  
  118  7:18  Overlord  
  118  7:19  Extractor  
  118  7:22  Overlord  
  116  7:23  Zerg Missile Weapons Level 2  
  116  7:25  Drone x4  
  116  7:27  Overlord  
  116  7:28  Overlord  
  120  7:34  Hydralisk x9  
  120  7:35  Grooved Spines  
  138  7:51  Overseer  
  138  8:06  Mutalisk x6  
  138  8:08  Muscular Augments  
  150  8:15  Drone x8  
  150  8:19  Zergling x22, Infestation Pit  
  168  8:28  Hatchery  
  168  8:33  Zergling x18  
  176  8:42  Overlord  
  176  8:52  Extractor  
  175  8:55  Extractor  
  175  8:57  Hydralisk x2  
  174  9:21  Hive  
  174  9:22  Drone x3  
  175  9:26  Lurker x9  
  178  9:48  Pneumatized Carapace  
  178  9:50  Zerg Melee Weapons Level 1  
  178  9:53  Evolution Chamber  
  178  9:55  Spine Crawler x2  
  178  9:56  Drone x4  
  178  9:57  Spine Crawler  
  178  9:58  Lurker x2  
  178  9:59  Hydralisk x5  
  189  10:38  Hydralisk x2  
  189  10:40  Overlord  
  189  10:42  Hydralisk  
  188  10:46  Overlord x3  
  188  10:47  Hydralisk x9  
  180  10:51  Hydralisk x7  
  181  11:02  Greater Spire  
  181  11:03  Zerg Missile Weapons Level 3, Adaptive Talons  
  174  11:08  Hydralisk x13  
  195  11:17  Hydralisk  
  195  11:18  Hydralisk x3  
  187  11:23  Hydralisk x3  
  193  11:32  Drone  
  193  11:34  Hydralisk x3  
  195  11:54  Hydralisk x4  
  195  11:57  Corruptor x3  
  197  12:04  Overlord  
  197  12:07  Lurker  
  197  12:08  Lurker x3  
  199  12:10  Drone  
  199  12:15  Overlord  
  193  12:38  Drone x7  
  193  12:42  Hatchery  
  193  12:43  Brood Lord x2  
  193  12:44  Brood Lord  
  186  12:52  Corruptor x4  
  186  12:54  Pathogen Glands  
  186  12:56  Zerg Melee Weapons Level 2  
  194  13:06  Corruptor x2  
  194  13:08  Drone x2  
  198  13:29  Brood Lord  
  192  14:00  Brood Lord x3  
  188  14:08  Drone  
  188  14:09  Drone x8  
  197  14:16  Overlord, Neural Parasite  
  197  14:18  Burrow  
  197  14:19  Overseer  
  197  14:33  Overseer  
  197  14:35  Overseer x3  
  197  14:38  Zerg Flyer Weapons Level 1  
  197  14:52  Spine Crawler  
  196  14:54  Spine Crawler x3, Drone x6  
  196  14:55  Spine Crawler  
  196  14:56  Spine Crawler x2  
  196  14:58  Spine Crawler  
  196  14:59  Spine Crawler  
  194  15:00  Spine Crawler x2  
  194  15:01  Drone x7  
  194  15:02  Spine Crawler  
  194  15:05  Spine Crawler  
  197  15:26  Spore Crawler x2  
  197  15:27  Spore Crawler x2  
  197  15:28  Spore Crawler x2  
  192  15:29  Spore Crawler x2  
  192  15:30  Spore Crawler x3  
  192  15:31  Spore Crawler x3  
  192  15:32  Spore Crawler x2  
  192  15:34  Infestor x9  
  192  15:35  Spore Crawler  
  198  15:36  Infestor  
  198  15:41  Overseer x3  
  159  16:20  Corruptor x5  
  146  16:27  Corruptor x4  
  146  16:30  Infestor x3  
  151  16:34  Drone x12  
  154  16:47  Infestor  
  154  16:48  Infestor x5  
  154  16:51  Brood Lord x3  
  172  16:57  Hatchery  
  172  17:00  Lurker  
  172  17:03  Overseer x3  
  172  17:06  Spine Crawler  
  172  17:07  Spine Crawler  
  172  17:08  Spine Crawler x2  
  169  17:09  Spine Crawler x2, Drone x2  
  169  17:10  Drone  
  169  17:14  Brood Lord x2  
  169  17:15  Extractor  
  172  17:19  Brood Lord  
  174  17:26  Brood Lord  
  174  17:27  Queen x3  
  182  17:30  Overseer  
  182  17:40  Spore Crawler  
  182  17:42  Brood Lord  
  183  18:04  Corruptor x2  
  187  18:10  Overseer  
  183  18:13  Overseer  
  183  18:14  Overseer  
  183  18:15  Spore Crawler  
  183  18:17  Spine Crawler  
  177  18:30  Hydralisk x12  
  193  18:39  Hatchery  
  192  18:43  Infestor  
  192  18:46  Brood Lord  
  196  18:56  Brood Lord  
  196  19:01  Infestor  
  178  19:16  Hydralisk x4  
  168  19:20  Infestor  
  162  19:34  Hydralisk x4  
  162  19:36  Lurker x2  
  172  19:41  Lurker  
  172  19:45  Hydralisk x2  
  171  19:50  Hydralisk  
  171  20:04  Hydralisk x4  
  173  20:16  Hydralisk  
  173  20:17  Hydralisk x3  
  159  20:31  Hydralisk x3  
  151  20:40  Lurker x3  
  149  20:50  Hydralisk x2  
  140  21:19  Hydralisk x3  
  140  21:23  Overlord  
  138  21:58  Hatchery  
  131  22:13  Hydralisk x6  
  137  22:30  Hydralisk x2  
  138  23:07  Hydralisk x4  
Show
View Real Time Build Order
Export as new Build Order

GunGFuBanDa Protoss 

Build Orders: 1 Gate Expand, Oracle Opening, Phoenix Opening, Chargelot Immortal 

Get SALT Encoding   

  12  0:02  Probe  
  13  0:14  Probe  
  13  0:19  Pylon  
  14  0:26  Probe  
  15  0:36  Probe  
  15  0:38  Gateway  
  16  0:46  Probe  
  16  0:48  Assimilator  
  17  0:57  Probe  
  18  1:09  Probe  
  19  1:22  Nexus  
  19  1:31  Probe  
  19  1:33  Cybernetics Core  
  19  1:39  Probe  
  20  1:44  Assimilator  
  21  1:48  Probe  
  21  1:51  Pylon  
  22  2:00  Adept  
  22  2:01  Probe  
  23  2:13  Probe  
  26  2:19  Stargate  
  26  2:25  Probe  
  26  2:27  Adept  
  29  2:30  Probe  
  29  2:33  Warp Gate  
  30  2:37  Probe  
  30  2:40  Probe  
  31  2:49  Probe  
  33  2:51  Probe  
  33  2:57  Phoenix  
  34  3:01  Probe  
  34  3:03  Probe  
  38  3:13  Probe  
  38  3:15  Probe  
  40  3:20  Oracle  
  40  3:24  Gateway, Assimilator  
  40  3:25  Probe  
  44  3:27  Probe  
  44  3:30  Pylon  
  45  3:37  Probe  
  46  3:47  Probe, Pylon  
  46  3:49  Probe  
  46  3:50  Twilight Council  
  46  3:53  Gateway  
  46  3:55  Probe  
  48  3:58  Assimilator  
  48  4:00  Resonating Glaives  
  48  4:02  Probe  
  50  4:03  Probe  
  50  4:08  Pylon  
  51  4:14  Probe  
  51  4:15  Probe  
  53  4:30  Probe  
  53  4:31  Probe  
  55  4:38  Zealot  
  55  4:39  Zealot  
  55  4:44  Probe  
  60  4:49  Robotics Facility, Gateway  
  60  4:55  Nexus, Pylon  
  60  4:59  Adept x3  
  66  5:15  Shield Battery  
  66  5:16  Pylon  
  66  5:21  Adept x3  
  66  5:25  Probe  
  66  5:26  Forge  
  73  5:35  Probe  
  74  5:37  Probe  
  74  5:38  Observer  
  74  5:41  Adept x2  
  74  5:42  Adept  
  81  5:47  Probe  
  81  5:49  Robotics Facility  
  83  5:51  Protoss Ground Weapons Level 1  
  83  5:54  Probe  
  84  5:57  Sentry  
  84  6:04  Probe, Pylon  
  86  6:06  Probe x2  
  86  6:07  Immortal  
  93  6:14  Pylon  
  93  6:17  Charge  
  87  6:19  Probe  
  87  6:24  Probe  
  79  6:36  Immortal  
  79  6:37  Probe x2  
  79  6:41  Zealot x3  
  79  6:42  Probe  
  79  6:46  Templar Archives, Immortal  
  90  6:49  Probe  
  90  6:52  Gateway  
  90  6:54  Gateway  
  91  7:01  Probe  
  91  7:03  Probe  
  91  7:04  Probe  
  91  7:05  Pylon  
  91  7:07  Immortal  
  94  7:12  Adept x2  
  102  7:18  Assimilator  
  102  7:21  Assimilator  
  102  7:25  Psionic Storm, Immortal, Protoss Ground Weapons Level 2  
  102  7:27  Probe x2, Photon Cannon, Pylon  
  108  7:41  Gateway  
  108  7:42  Gateway  
  108  7:43  High Templar x4  
  116  7:48  Pylon  
  112  8:03  Immortal  
  112  8:04  Warp Prism  
  118  8:06  Photon Cannon  
  118  8:08  Pylon  
  118  8:16  Photon Cannon  
  118  8:22  High Templar  
  120  8:27  Photon Cannon  
  120  8:37  Blink, Pylon  
  120  8:38  High Templar x2, Zealot x3  
  130  8:50  Shield Battery  
  130  8:52  Shield Battery  
  130  8:54  Archon  
  130  9:06  Stalker x5  
  130  9:07  Stalker  
  134  9:17  Probe x3  
  137  9:25  Immortal  
  137  9:26  Immortal  
  143  9:41  Protoss Ground Weapons Level 3  
  143  9:49  Zealot x7  
  157  10:03  Fleet Beacon  
  157  10:08  Pylon  
  157  10:11  Pylon  
  157  10:12  Pylon  
  157  10:14  Pylon  
  157  10:25  Nexus  
  157  10:26  Probe, Immortal  
  162  10:29  Pylon  
  162  10:31  High Templar x2, Immortal  
  169  10:38  Observer  
  169  10:40  Archon  
  164  11:03  Zealot x7  
  176  11:05  Immortal  
  176  11:08  Mothership  
  178  11:11  Photon Cannon  
  178  11:14  Immortal, Photon Cannon  
  168  11:30  High Templar x2  
  172  11:38  Protoss Air Weapons Level 1  
  170  11:43  Warp Prism  
  170  11:50  Dark Shrine  
  172  11:58  Stargate, Protoss Shields Level 1  
  172  11:59  Stargate  
  160  12:16  Nexus  
  160  12:18  Pylon  
  154  12:42  Immortal  
  152  12:48  Observer  
  157  12:55  Zealot x8  
  173  13:03  Photon Cannon  
  173  13:06  Photon Cannon  
  173  13:08  Photon Cannon  
  173  13:10  Probe, Photon Cannon  
  173  13:11  Probe, Shield Battery  
  175  13:13  Pylon  
  175  13:30  Zealot x8  
  191  13:40  Immortal x2  
  179  13:49  Assimilator  
  179  13:50  Assimilator  
  179  13:51  Tempest x2  
  179  13:52  Tempest  
  179  13:53  Protoss Air Weapons Level 2  
  170  14:12  High Templar  
  170  14:13  High Templar x5  
  170  14:14  Zealot  
  184  14:17  Archon x2  
  184  14:18  Archon  
  184  14:19  Immortal  
  188  14:24  Tempest  
  188  14:30  Tempest  
  198  14:50  Zealot  
  198  14:56  Observer  
  197  15:08  Gateway  
  197  15:11  Gateway x3  
  197  15:14  Zealot  
  197  15:19  Nexus  
  199  15:26  Protoss Shields Level 2  
  199  15:34  Shield Battery, Pylon  
  199  15:35  Pylon  
  199  15:37  Shadow Stride  
  138  16:22  Zealot x12  
  138  16:24  Tempest  
  138  16:25  Tempest x2  
  122  16:43  High Templar  
  122  16:44  High Templar x3  
  125  16:50  High Templar x4  
  125  16:51  Sentry, Zealot x3  
  141  16:55  Archon x2  
  141  17:09  Warp Prism  
  141  17:14  Dark Templar x2  
  145  17:18  High Templar  
  145  17:19  High Templar x3  
  145  17:20  Zealot  
  157  17:23  Archon  
  157  17:24  Archon  
  157  17:26  Assimilator  
  157  17:30  Assimilator  
  153  17:39  Observer  
  154  17:46  Photon Cannon  
  154  17:48  Pylon  
  150  18:06  Zealot x11  
  124  18:48  Stalker x8  
  134  18:49  Stalker x4  
  134  18:51  Nexus  
  146  19:03  Observer  
  133  19:16  Stalker x8  
  133  19:17  Stalker x3  
  107  19:37  Zealot  
  99  19:39  Zealot x9  
  115  20:08  Observer  
  109  20:16  High Templar  
  109  20:17  High Templar x2  
  109  20:18  High Templar x3  
  115  20:35  Assimilator, Pylon  
  114  20:36  Pylon  
  114  20:37  Assimilator, Pylon  
  114  20:39  Dark Templar x3  
  114  20:40  Dark Templar  
  106  21:05  Archon  
  106  21:07  Zealot x4  
  85  21:18  Zealot x2  
  85  21:19  Zealot x3  
  85  21:26  Observer  
  77  21:37  Zealot x4  
  79  21:52  Zealot x5  
  89  21:54  Observer  
  88  22:08  Observer  
  87  22:16  Nexus  
  85  22:24  Observer  
  82  23:07  Zealot x5  
  91  23:20  High Templar  
Tags
 
Add a new tag
Caveats
  • Supply blocks, unpowered buildings, or Contaminate may cause inaccurate times.
  • Supply counts are checked every 10 seconds.